 Dungeon Crawl Stone Soup version 0.31-a0-165-g3f4f80340b (webtiles) character file.

Game seed: 16719208288723343501

99 qw the Shooter (level 4, -1/42 HPs)
             Began as a Naga Hunter on June 13, 2023.
             Succumbed to an adder's poison
             ... on level 3 of the Dungeon.
             The game lasted 00:00:37 (1970 turns).

qw the Shooter (Naga Hunter)                        Turns: 1970, Time: 00:00:37

Health: -1/42      AC:  2    Str: 14    XL:     4   Next: 72%
Magic:  4/4        EV:  9    Int:  9    God:
Gold:   146        SH:  0    Dex: 16    Spells: 3/3 levels left

rFire   . . .        Y - +0 shortbow
rCold   . . .        (shield currently unavailable)
rNeg    . . .        c - +0 leather armour
rPois   +            (no helmet)
rElec   .            (no cloak)
rCorr   .            (no gloves)
SInv    +            (no barding)
Will    +....        (no amulet)
Stlth   ++           g - ring of willpower
HPRegen 0.27/turn    (no ring)
MPRegen 0.09/turn

%: no passive effects
@: lethally poisoned (-1 -> -4), short of breath, very slow
A: AC +1, large, see invisible, deformed body, poison resistance, slowness 2,
spit poison 1, naga tail 1
a: Spit Poison


You were on level 3 of the Dungeon.
You visited 1 branch of the dungeon, and saw 3 of its levels.

You collected 146 gold pieces.


Innate Abilities, Weirdness & Mutations

Your serpentine skin is tough. (AC +1)
You have supernaturally acute eyesight. (SInv)
Armour fits poorly on your strangely shaped body.
Your system is resistant to poisons. (rPois)
You cover ground very slowly.
You can spit poison.
You have a snake-like lower body.


   Skills:
 - Level 3.0 Fighting
 + Level 5.0 Ranged Weapons
 - Level 1.5 Dodging
 - Level 1.5 Stealth


You had 3 spell levels left.
You didn't know any spells.
Your spell library was empty.

Inventory:

Hand Weapons
 Y - a +0 shortbow (weapon)
Armour
 c - a +0 leather armour (worn)
Jewellery
 d - a ring of ice
 e - a ring of ice
 g - a ring of willpower (left hand)
Scrolls
 a - a scroll of identify
 b - a scroll of fog {unknown}
Potions
 h - a potion of mutation {unknown}
 i - a potion of curing {unknown}
 j - a potion of lignification {unknown}
 k - a potion of heal wounds {unknown}

Dungeon Overview and Level Annotations

Branches:
Dungeon (3/15)

Altars:


Message History

The hound is almost dead.
The hound bites you. The hound closely misses you.
The frilled lizard barely misses you. The adder bites you but does no damage.
You shoot an arrow. The arrow hits the hound.
You kill the hound!
The adder bites you but does no damage. The frilled lizard bites you.
Your Fighting skill increases to level 3!
You shoot an arrow. The arrow closely misses the adder.
You have got your breath back.
The adder bites you. The quokka bites you. The frilled lizard bites you.
The adder bites you.
1966 ||| INVOKING Spit Poison.
Aiming: Spit Poison (1% risk of failure)
Press: ? - help, Shift-Dir - straight line, f/p - adder The splash of poison hits the adder!
The adder is almost dead.
The quokka closely misses you. The frilled lizard bites you.
The adder bites you. The quokka barely misses you.
1967 ||| READING scroll of teleportation.
As you read the scroll of teleportation, it crumbles to dust.
You feel strangely unstable.
A jackal comes into view.
The adder bites you.
The frilled lizard bites you but does no damage.
The quokka closely misses you.
You shoot an arrow. The arrow closely misses the adder.
The adder bites you.
The frilled lizard completely misses you.
The quokka bites you but does no damage.
The adder bites you.
You shoot an arrow. The arrow misses the adder.
The quokka barely misses you. The frilled lizard closely misses you.
The adder bites you.
You are lethally poisoned!
The adder poisons you!
The quokka bites you but does no damage.
The frilled lizard closely misses you. The adder bites you.
You shoot an arrow. The arrow barely misses the adder.
Your surroundings suddenly seem different.
You die...

#..# #.### #%..## ###..#
##.#### ####....####
#...........#
......#...........#
......#.........@.#
..<...##########'## ......#
#.# ......# #.########
..[...# #.#.....)# ......#
#.....##)#####
......############.#.##.....#
...:...............#..#.....#
#########...#########.....).#


There were no monsters in sight!

Vanquished Creatures
  A hound (D:3)
  2 adders (D:2)
  A worm (D:2)
  4 orcs (D:3)
  3 ball pythons
  2 endoplasms (D:1)
  A giant cockroach (D:3)
  4 goblins
  3 hobgoblins
  6 jackals
  8 bats
  2 frilled lizards
  3 kobolds
  5 rats
45 creatures vanquished.

Notes
Turn   | Place    | Note
-------+----------+-------------------------------------------
     0 | D:1      | qw the Naga Hunter began the quest for the Orb.
     0 | D:1      | Reached XP level 1. HP: 19/19 MP: 1/1
     0 | D:1      | 0 ||| qw: Version: 0.2-a-29-gc1b59c4
     0 | D:1      | 0 ||| qw: Game counter: 4634
     0 | D:1      | 0 ||| qw: Always use a shield: true
     0 | D:1      | 0 ||| qw: God list: Okawaru
     0 | D:1      | 0 ||| qw: Allow faded altars: false
     0 | D:1      | 0 ||| qw: Do Orc after D:15 true
     0 | D:1      | 0 ||| qw: Do second Lair branch before Depths: true
     0 | D:1      | 0 ||| qw: Lair rune preference: random
     0 | D:1      | 0 ||| qw: Plans: Normal
     0 | D:1      | 0 ||| PLANNING D:1-11
   144 | D:1      | You fall into a shaft and drop 1 floor!
   175 | D:2      | 175 ||| INVOKING Spit Poison.
   197 | D:2      | 197 ||| DROPPING scroll of butterflies.
   207 | D:1      | 207 ||| INVOKING Spit Poison.
   258 | D:1      | 258 ||| INVOKING Spit Poison.
   270 | D:1      | Reached skill level 4 in Ranged Weapons
   270 | D:1      | Reached XP level 2. HP: 26/26 MP: 2/2
   300 | D:1      | 300 ||| INVOKING Spit Poison.
   331 | D:1      | 331 ||| INVOKING Spit Poison.
   403 | D:1      | 403 ||| INVOKING Spit Poison.
   409 | D:1      | 409 ||| INVOKING Spit Poison.
   428 | D:1      | 428 ||| INVOKING Spit Poison.
   490 | D:1      | 490 ||| INVOKING Spit Poison.
   531 | D:1      | 531 ||| INVOKING Spit Poison.
   858 | D:1      | 858 ||| INVOKING Spit Poison.
   863 | D:1      | 863 ||| INVOKING Spit Poison.
   864 | D:1      | 864 ||| INVOKING Spit Poison.
   914 | D:1      | 914 ||| INVOKING Spit Poison.
   941 | D:1      | 941 ||| UPGRADING to ring of willpower.
   942 | D:1      | 942 ||| READING 2 scrolls labelled LIYGAO XIGI.
   943 | D:1      | 943 ||| READING scroll labelled MITOUDGH DIMMO.
   944 | D:1      | 944 ||| READING scroll labelled CEEXZU VOPIM.
   945 | D:1      | 945 ||| READING scroll labelled ERIDOH BUJICET.
   975 | D:2      | 975 ||| INVOKING Spit Poison.
   992 | D:2      | Found a faded altar of an unknown god.
  1006 | D:2      | 1006 ||| INVOKING Spit Poison.
  1007 | D:2      | Reached XP level 3. HP: 32/32 MP: 3/3
  1039 | D:2      | 1039 ||| INVOKING Spit Poison.
  1045 | D:2      | 1045 ||| INVOKING Spit Poison.
  1048 | D:2      | 1048 ||| INVOKING Spit Poison.
  1168 | D:2      | 1168 ||| INVOKING Spit Poison.
  1237 | D:2      | 1237 ||| INVOKING Spit Poison.
  1271 | D:2      | 1271 ||| INVOKING Spit Poison.
  1312 | D:2      | 1312 ||| INVOKING Spit Poison.
  1354 | D:2      | 1354 ||| INVOKING Spit Poison.
  1359 | D:2      | 1359 ||| INVOKING Spit Poison.
  1531 | D:2      | 1531 ||| INVOKING Spit Poison.
  1556 | D:2      | 1556 ||| READING scroll labelled DOVALA UNAUGG.
  1557 | D:2      | 1557 ||| READING 2 scrolls of identify.
  1557 | D:2      | 1557 ||| IDENTIFYING coppery potion
  1558 | D:2      | 1558 ||| DROPPING potion of degeneration.
  1603 | D:3      | 1603 ||| INVOKING Spit Poison.
  1604 | D:3      | Reached skill level 5 in Ranged Weapons
  1604 | D:3      | Reached XP level 4. HP: 39/39 MP: 4/4
  1761 | D:3      | 1761 ||| INVOKING Spit Poison.
  1765 | D:3      | 1765 ||| INVOKING Spit Poison.
  1768 | D:3      | 1768 ||| INVOKING Spit Poison.
  1893 | D:3      | 1893 ||| INVOKING Spit Poison.
  1897 | D:3      | 1897 ||| INVOKING Spit Poison.
  1931 | D:3      | 1931 ||| INVOKING Spit Poison.
  1934 | D:3      | 1934 ||| INVOKING Spit Poison.
  1957 | D:3      | 1957 ||| INVOKING Spit Poison.
  1960 | D:3      | 1960 ||| INVOKING Spit Poison.
  1965 | D:3      | Reached skill level 3 in Fighting
  1966 | D:3      | 1966 ||| INVOKING Spit Poison.
  1966 | D:3      | HP: 10/42 [adder (1)]
  1967 | D:3      | 1967 ||| READING scroll of teleportation.
  1968 | D:3      | HP: 4/42 [adder (2)]
  1969 | D:3      | HP: 1/42 [adder (1)]
  1970 | D:3      | Succumbed to an adder's poison

Levels and vault maps discovered:
D:1:      dpeg_arrival_rhombi, layout_basic, kennysheep_nondescript
D:2:      layout_loops_ring, basic_ecumenical_altar
D:3:      minmay_spotlight, layout_basic

Skill      XL: |  1  2  3  4 |
---------------+-------------+-----
Ranged Weapons | 4 5 |  5.0
Fighting       | 3 |  3.0
Dodging        | |  1.5
Stealth        | |  1.5

Action                     |  1- 3 |  4- 6 || total
---------------------------+-------+-------++-------
   Fire: Shortbow          |    59 |    33 ||    92
Ability: Spit Poison       |    26 |    10 ||    36
    Use: Scroll            |     6 |     1 ||     7
 Armour: Leather armour    |     6 |     7 ||    13
  Dodge: Dodged            |    11 |    22 ||    33

Table legend:
 A = Non-vault XP
 B = Vault XP
 C = Vault XP percentage of total XP
 D = Non-vault monster count
 E = Vault monster count
 F = Vault count percentage of total count
                 A         B        C        D         E       F
            +---------+---------+-------+---------+---------+-------
      Total |     142 |       0 |   0.0 |      45 |       0 |   0.0
            +---------+---------+-------+---------+---------+-------
        D:1 |      31 |       0 |   0.0 |      20 |       0 |   0.0
        D:2 |      47 |       0 |   0.0 |      14 |       0 |   0.0
        D:3 |      64 |       0 |   0.0 |      11 |       0 |   0.0
            +---------+---------+-------+---------+---------+-------
